 Dungeon Crawl Stone Soup version 0.30-a0-755-g0b50240ab4 (webtiles) character file.

Game seed: 8795213339136063887

75 Ijustatesigmund the Firebug (level 4, 33/33 HPs)
             Began as a Demonspawn Fire Elementalist on Feb 9, 2023.
             Quit the game on level 3 of the Dungeon.
             The game lasted 00:04:36 (2714 turns).

Ijustatesigmund the Firebug (DsFE)                  Turns: 2714, Time: 00:04:36

Health: 33/33      AC:  3    Str:  8    XL:     4   Next: 11%
Magic:  6/8        EV: 12    Int: 18    God:
Gold:   116        SH:  0    Dex: 14    Spells: 5/8 levels left

rFire   . . .      SeeInvis .    e - +0 dagger (freeze)
rCold   . . .      Faith    .    (no shield)
rNeg    . . .      Spirit   .    a - +1 robe
rPois   .          Reflect  .    (helmet restricted)
rElec   .          Harm     .    (no cloak)
rCorr   .          Rampage  .    (no gloves)
Will    .....                    (no boots)
Stlth   ++                       (no amulet)
HPRegen 0.25/turn                (no ring)
MPRegen 0.11/turn                (no ring)

@: weak-willed
A: horns 1, demonic guardian 1
a: no special abilities


You were on level 3 of the Dungeon.
You visited 1 branch of the dungeon, and saw 3 of its levels.

You collected 116 gold pieces.

Inventory:

Hand Weapons
 e - a +0 dagger of freezing (weapon)
Armour
 a - a +1 robe (worn)
Scrolls
 d - a scroll of brand weapon
 h - a scroll of identify {unknown}
 j - a scroll of fear {unknown}
Potions
 b - 2 potions of magic
 f - a potion of heal wounds {unknown}
 i - a potion of flight {unknown}


   Skills:
 + Level 2.0 Fighting
 - Level 1.7 Dodging
 - Level 1.7 Stealth
 + Level 2.9 Spellcasting
 - Level 1.0 Conjurations
 + Level 3.4 Fire Magic


You had 5 spell levels left.
You knew the following spells:

 Your Spells              Type           Power      Damage    Failure   Level
a - Foxfire               Conj/Fire      40%        2x1d6     7%          1
b - Scorch                Fire           28%        2d6       6%          2

Your spell library contained the following spells:

 Spells                   Type           Power      Damage    Failure   Level
 Inner Flame              Hex/Fire       8%         N/A       24%         3
 Sublimation of Blood     Necr           2%         N/A       26%         2
 Kindle Blastsparks       Fire/Tloc/Air  12%        2d11      30%         3
 Flame Wave               Conj/Fire      10%        2d6       54%         4
 Sticky Flame             Conj/Fire      10%        2d3       54%         4
 Petrify                  Tmut/Erth      2%         N/A       86%         4
 Irradiate                Conj/Tmut      2%         3d12      98%         5


Dungeon Overview and Level Annotations

Branches:
Dungeon (3/15)

Altars:


Innate Abilities, Weirdness & Mutations

You have a pair of small horns on your head.
A weak demonic guardian rushes to your aid.


Message History

Casting: Foxfire (safe; 7% risk of failure)
Confirm with . or Enter, or press ? or * to list all spells.
You conjure some foxfire!
Casting: Foxfire (safe; 7% risk of failure)
Confirm with . or Enter, or press ? or * to list all spells.
You conjure some foxfire!
The foxfire hits the quokka.
The quokka is severely wounded.
The foxfire hits the quokka but does no damage.
The quokka is severely wounded.
The foxfire hits the quokka but does no damage.
The quokka is severely wounded.
Casting: Foxfire (safe; 7% risk of failure)
Confirm with . or Enter, or press ? or * to list all spells.
You conjure some foxfire!
The foxfire hits the quokka.
You kill the quokka!
Your foxfire dissipates!
Your foxfire dissipates!
A bat comes into view.
Found a stone staircase leading down.
Casting: Foxfire (safe; 7% risk of failure)
Confirm with . or Enter, or press ? or * to list all spells.
You conjure some foxfire!
The foxfire hits the bat.
You kill the bat!
Your Fighting skill increases to level 2!
Casting: Foxfire (safe; 7% risk of failure)
Confirm with . or Enter, or press ? or * to list all spells.
You conjure some foxfire!
Your foxfire dissipates!
As you read the scroll labelled ATTOAX GAONT, it crumbles to dust.
It is a scroll of brand weapon.
Your +0 dagger of flaming is covered with a thin layer of ice!
e - a +0 dagger of freezing (weapon)
Your foxfire dissipates! x2
As you read the scroll labelled MEORGH QOGO, it crumbles to dust.
It is a scroll of enchant armour.
Your +0 robe glows green for a moment.
As you read the scroll labelled NESAR SYMEO, it crumbles to dust.
Magic quickly surges around you.
It was a scroll of vulnerability.
Are you sure you want to abandon this character and quit the game? (Confirm with "yes".)

........(.... ..
#........< #. #...<.)...
######.## ##......†.
>.......# #........
........# ##........
........#######.........
....?...#...............
....†..@..######........
..........######........
........................
#....#...†..............
##.......#######.#.....#
....#....# #....####
.......#.. ###....
####...... ##.###
####../ .#


There were no monsters in sight!

Vanquished Creatures
  An adder (D:3)
  2 dart slugs (D:2)
  An orc (D:3)
  7 bats
  6 endoplasms
  2 giant cockroaches (D:1)
  3 goblins
  3 hobgoblins
  5 jackals
  4 quokkas
  5 ball pythons
  A frilled lizard (D:2)
  7 kobolds
  5 rats
52 creatures vanquished.

Vanquished Creatures (others)
  127 foxfires
127 creatures vanquished.

Grand Total: 179 creatures vanquished

Notes
Turn   | Place    | Note
-------+----------+-------------------------------------------
     0 | D:1      | Ijustatesigmund the Demonspawn Fire Elementalist began the
                  | quest for the Orb.
     0 | D:1      | Reached XP level 1. HP: 13/13 MP: 3/3
   233 | D:1      | Gained mutation: You have a pair of small horns on your
                  | head. [demonic ancestry]
   233 | D:1      | Reached XP level 2. HP: 20/20 MP: 3/5
   361 | D:1      | Learned a level 2 spell: Scorch
   595 | D:1      | Reached skill level 1 in Fighting
   628 | D:1      | Reached skill level 3 in Fire Magic
  1387 | D:1      | Reached XP level 3. HP: 26/26 MP: 3/6
  2508 | D:3      | Noticed a scorpion
  2633 | D:3      | Gained mutation: A weak demonic guardian rushes to your
                  | aid. [demonic ancestry]
  2633 | D:3      | Reached XP level 4. HP: 33/33 MP: 5/8
  2714 | D:3      | Quit the game

Illustrated notes

Levels and vault maps discovered:
D:1:      kennysheep_arrival_seaside, layout_basic, minmay_misc_feat_ornament,
          corexii_leaking_fountain
D:2:      layout_rooms
D:3:      layout_rooms, uniq_crazy_yiuf_cottage

Skill      XL: |  1  2  3  4 |
---------------+-------------+-----
Fighting       | 1 2 |  2.0
Fire Magic     | 3 |  3.4
Dodging        | |  1.7
Stealth        | |  1.7
Spellcasting   | |  2.9
Conjurations   | |  1.0

Action                     |  1- 3 |  4- 6 || total
---------------------------+-------+-------++-------
  Melee: Unarmed           |     2 |       ||     2
         Dagger            |    10 |       ||    10
         Headbutt          |     1 |       ||     1
   Cast: Foxfire           |    64 |     7 ||    71
         Scorch            |    11 |       ||    11
    Use: Scroll            |     1 |     3 ||     4
 Armour: Robe              |    10 |       ||    10
  Dodge: Dodged            |    26 |       ||    26

Table legend: (Time is in decaauts)
 A = Elapsed time spent in this place.
 B = Non-inter-level travel time spent in this place.
 C = Inter-level travel time spent in this place.
 D = Time resting spent in this place.
 E = Time spent auto-exploring this place.
 F = Levels seen in this place.
 G = Mean time per level.
                   A        B        C        D        E       F      G
               +--------+--------+--------+--------+--------+-----+--------+
         Total |   2718 |   2635 |     83 |    409 |   1897 |   3 |  906.0 |
       Dungeon |   2718 |   2635 |     83 |    409 |   1897 |   3 |  906.0 |
               +--------+--------+--------+--------+--------+-----+--------+

Top non-repeatable levels by time:
     D:1: 1619 daAuts
     D:2: 966 daAuts
     D:3: 132 daAuts
